 Dungeon Crawl Stone Soup version 0.29-a0-577-gafbf2c5d25 (webtiles) character file.

Game seed: 16334440779343926932

0 PlusOmni the Conjurer (level 1, 0/14 HPs)
             Began as a Draconian Conjurer on June 13, 2022.
             Slain by a ball python (1 damage)
             ... on level 1 of the Dungeon.
             The game lasted 00:00:58 (67 turns).

PlusOmni the Conjurer (Draconian Conjurer)            Turns: 67, Time: 00:00:59

Health: 0/14       AC:  4    Str:  9    XL:     1   Next: 8%
Magic:  3/3        EV: 12    Int: 18    God:
Gold:   14         SH:  0    Dex:  9    Spells: 3/4 levels left

rFire   . . .      SeeInvis .   (no weapon)
rCold   . . .      Faith    .   (no shield)
rNeg    . . .      Spirit   .   (body armour unavailable)
rPois   .          Reflect  .   (helmet restricted)
rElec   .          Harm     .   (no cloak)
rCorr   .          Rampage  .   (no gloves)
Will    .....                   (no boots)
Stlth   ++........              (no amulet)
HPRegen 0.04/turn               (no ring)
MPRegen 0.08/turn               (no ring)

@: no status effects
A: AC +4, unfitting armour, cold-blooded
a: no special abilities


You were on level 1 of the Dungeon.
You visited 1 branch of the dungeon, and saw 1 of its levels.

You collected 14 gold pieces.

Inventory:

Scrolls
 b - a scroll of magic mapping {unknown}
 c - a scroll of amnesia {unknown}
 d - a scroll of fear {unknown}
Potions
 a - a potion of magic


   Skills:
 + Level 1.7 Dodging
 + Level 1.7 Stealth
 + Level 2.0 Spellcasting
 + Level 4.0 Conjurations


You had 3 spell levels left.
You knew the following spells:

 Your Spells              Type           Power      Damage    Failure   Level
a - Magic Dart            Conj           64%        1d6       3%          1

Your spell library contained the following spells:

 Spells                   Type           Power      Damage    Failure   Level
 Searing Ray              Conj           32%        2d5       5%          2
 Dazzling Flash           Conj/Hex       18%        N/A       24%         3
 Fulminant Prism          Conj/Hex       4%         3d6       61%         4
 Iskenderun's Mystic Bla  Conj/Tloc      9%         2d4       61%         4


Dungeon Overview and Level Annotations

Branches:
Dungeon (1/15)

Altars:


Innate Abilities, Weirdness & Mutations

Your plain brown scales are hard. (AC +4)
You cannot fit into any form of body armour.
You are cold-blooded and may be slowed by cold attacks.


Message History

The ball python barely misses you.
There is a staircase leading out of the dungeon here.
The ball python attacks as you move away!
The ball python closely misses you.
There is an escape hatch in the floor here.
The ball python bites you but does no damage.
The ball python misses you.
The ball python attacks as you move away!
The ball python closely misses you. The ball python misses you.
The ball python bites you but does no damage.
The ball python grabs you. The ball python constricts you.
* * * LOW HITPOINT WARNING * * *
You escape the ball python's grasp.
The ball python attacks as you move away!
The ball python barely misses you. x2
There is an open door here.
The ball python barely misses you. x2
The ball python attacks as you move away!
The ball python closely misses you. x2
The ball python attacks as you move away!
The ball python closely misses you. x2
The ball python barely misses you. The ball python misses you.
The ball python attacks as you move away!
The ball python bites you but does no damage.
The ball python misses you.
The ball python attacks as you move away!
The ball python bites you but does no damage.
The ball python barely misses you. The ball python closely misses you.
The ball python misses you.
You open the door. The ball python bites you.
* * * LOW HITPOINT WARNING * * *
The ball python grabs you. The ball python constricts you.
Found an escape hatch in the floor.
You escape the ball python's grasp.
The ball python attacks as you move away!
The ball python closely misses you.
There is an open door here.
The ball python attacks as you move away!
The ball python bites you.
You die...

##### ##...## ≈≈
#..>..# ≈≈ ≈≈≈ #.....#
≈≈≈ ≈≈≈≈#.....#≈≈≈≈
≈≈≈≈##...##≈≈≈≈
≈≈≈≈≈##@##≈≈≈≈≈≈≈
≈≈≈≈≈≈≈.S.≈≈≈≈≈≈≈≈
≈≈≈≈≈≈≈...≈≈≈≈≈≈≈≈≈≈.
≈≈≈≈≈≈≈≈..≈≈≈≈≈≈≈≈≈≈...
≈≈≈≈≈≈≈...≈≈≈≈≈≈≈≈≈...
##≈≈≈≈....≈≈≈≈≈≈≈≈≈...
##≈......≈≈≈≈≈≈≈≈≈...
#........≈≈≈≈≈≈≈....
+.........≈≈≈≈≈≈....


You could see a ball python.

Vanquished Creatures
  A ball python (D:1)
1 creature vanquished.

Notes
Turn   | Place    | Note
-------+----------+-------------------------------------------
     0 | D:1      | PlusOmni the Draconian Conjurer began the quest for the
                  | Orb.
     0 | D:1      | Reached XP level 1. HP: 14/14 MP: 3/3
    67 | D:1      | Slain by a ball python

Illustrated notes

Levels and vault maps discovered:
D:1:      minmay_arrival_shoal_huts, layout_rooms,
          hellmonk_ecumenical_altar_zigzags

Action                   || total
-------------------------++-------
Melee: Unarmed           ||    12
       Tailslap          ||     2
Armor: Skin              ||     8
Dodge: Dodged            ||    33

Table legend: (Time is in decaauts)
 A = Elapsed time spent in this place.
 B = Non-inter-level travel time spent in this place.
 C = Inter-level travel time spent in this place.
 D = Time resting spent in this place.
 E = Time spent auto-exploring this place.
 F = Levels seen in this place.
 G = Mean time per level.
                   A        B        C        D        E       F      G
               +--------+--------+--------+--------+--------+-----+--------+
         Total |     67 |     58 |      9 |      0 |      0 |   1 |   67.0 |
       Dungeon |     67 |     58 |      9 |      0 |      0 |   1 |   67.0 |
               +--------+--------+--------+--------+--------+-----+--------+

Top non-repeatable levels by time:
     D:1: 67 daAuts
